 Dungeon Crawl Stone Soup version 0.23.2-33-g5129a83184 (webtiles) character file.

Game seed: 16230315403072906994

3586 Meegle the Thaumaturge (level 9, -14/48 HPs)
             Began as a Deep Elf Fire Elementalist on July 22, 2019.
             Was an Elder of Vehumet.
             Demolished by a hornet (15 damage)
             ... on level 7 of the Dungeon on July 23, 2019.
             The game lasted 00:32:58 (9014 turns).

Meegle the Thaumaturge (Deep Elf Fire Elementalist) Turns: 9014, Time: 00:32:59

Health: -14/48     AC:  4    Str:  1    XL:     9   Next: 85%
Magic:  0/25       EV: 16    Int: 24    God:    Vehumet [****..]
Gold:   122        SH:  0    Dex: 15    Spells: 10/28 levels left

rFire    + . .     SeeInvis .   B - +3 shortbow of Anewkes {freeze, *Slow rC+++ Str-4 Stlth+}
rCold    + + +     Gourm    .   (shield currently unavailable)
rNeg     . . .     Faith    .   a - +0 robe
rPois    .         Spirit   .   (no helmet)
rElec    .         Reflect  .   (no cloak)
rCorr    .         Harm     .   d - +0 pair of gloves
MR       .....                  r - +0 pair of boots
Stlth    ++++......             l - amulet of the acrobat
HPRegen  0.16/turn              q - ring of protection from fire
MPRegen  0.19/turn              (no ring)

@: lethally poisoned (-14 -> -19), slowed, very slow
A: no striking features
a: Renounce Religion


You were on level 7 of the Dungeon.
You worshipped Vehumet.
Vehumet was greatly pleased with you.
You were not hungry.

You visited 1 branch of the dungeon, and saw 8 of its levels.
You also visited: Ossuary.

You collected 340 gold pieces.
You spent 218 gold pieces at shops.

Inventory:

Hand Weapons
 v - a +0 blowgun
 w - a +1 vampiric dagger
 B - the +3 shortbow of Anewkes (weapon) {freeze, *Slow rC+++ Str-4 Stlth+}
   (You found it on level 7 of the Dungeon)

   It causes projectiles fired from it to freeze those they strike, causing
   extra injury to most foes and up to half again as much damage against
   particularly susceptible opponents.
   They can also slow down cold-blooded creatures.
   It affects your strength (-4).
   It renders you almost immune to cold.
   It may slow you when you take damage.
   It makes you more stealthy.
Missiles
 x - 15 poisoned needles
 N - a throwing net (quivered)
Armour
 a - a +0 robe (worn)
 d - a +0 pair of gloves (worn)
 r - a +0 pair of boots (worn)
 O - the +1 cloak of Boreciergh {rElec rPois MR-}
   (You bought it in a shop on level 6 of the Dungeon)

   It insulates you from electricity.
   It protects you from poison.
   It affects your resistance to hostile enchantments.
Jewellery
 l - an amulet of the acrobat (around neck)
 q - a ring of protection from fire (left hand)
 C - an uncursed ring of ice
Wands
 n - a wand of iceblast (13)
 D - a wand of polymorph (10)
Scrolls
 e - 2 scrolls of magic mapping {unknown}
 f - 2 scrolls of noise {unknown}
 g - 5 scrolls of teleportation
 k - 2 scrolls of enchant armour {unknown}
 m - 7 scrolls of identify
 t - 4 scrolls of remove curse {unknown}
 u - 2 scrolls of amnesia {unknown}
 y - 3 scrolls of blinking {unknown}
 A - a scroll of random uselessness {unknown}
 E - a scroll of fog {unknown}
 G - a scroll of fear {unknown}
 K - 2 scrolls of enchant weapon {unknown}
Potions
 b - a potion of invisibility {unknown}
 h - 2 potions of magic {unknown}
 i - a potion of berserk rage
 j - 5 potions of curing
 o - a potion of agility
 p - 3 potions of ambrosia {unknown}
 s - a potion of cancellation {unknown}
 z - 2 potions of mutation {unknown}
 F - 2 potions of flight {unknown}
 H - a potion of might {unknown}
 I - 4 potions of brilliance {unknown}
 J - a potion of haste {unknown}
 L - a potion of lignification {unknown}
 M - a potion of resistance {unknown}
Comestibles
 c - 21 rations


   Skills:
 + Level 1.6 Fighting
 + Level 0.4 Throwing
 * Level 6.0 Dodging
 + Level 3.7 Stealth
 + Level 10.1 Spellcasting
 + Level 7.4 Conjurations
 + Level 8.9 Fire Magic
 * Level 3.2 Evocations


You had 10 spell levels left.
You knew the following spells:

 Your Spells              Type           Power        Failure   Level  Hunger
a - Flame Tongue          Conj/Fire      #####        1%          1    None
b - Throw Flame           Conj/Fire      ######       1%          2    None
c - Conjure Flame         Conj/Fire      ######..     1%          3    None
d - Sticky Flame          Conj/Fire      ######..     1%          4    #......
e - Fireball              Conj/Fire      ######....   1%          5    ####...
f - Stone Arrow           Conj/Erth      ####..       1%          3    None

Your spell library contained the following spells:

 Spells                   Type           Power        Failure   Level  Hunger
 Irradiate                Conj/Tmut      ####......   9%          5    ####...
 Sandblast                Erth           ##....       1%          1    None
 Inner Flame              Hex/Fire       ####....     1%          3    None
 Passwall                 Tmut/Erth      ##......     8%          2    None
 Lee's Rapid Deconstruct  Erth           ##........   34%         5    ####...
 Petrify                  Tmut/Erth      ##......     45%         4    #......


Dungeon Overview and Level Annotations

Branches:
Dungeon (8/15)             Temple (0/1) D:6
   Lair: D:8-11

Altars:
Fedhas
Gozag
Kikubaaqudgha
Qazlal
Ru
Sif Muna
Trog
Vehumet
Wu Jian
Xom

Shops:
D:6 :[

Annotations:
D:5 1 runed translucent door, Crazy Yiuf


Message History

You climb upwards.
You feel yourself speed up.
There is a stone staircase leading down here.
Casting: Fireball (safe; 1% risk of failure)
Confirm with . or Enter, or press ? or * to list all spells.
Aiming: Sticky Flame (safe; 1% risk of failure)
Press: ? - help, Shift-Dir - straight line, f - hornet
Aim: a hornet (lightly wounded)
The sticky flame hits the hornet.
The hornet is lightly wounded.
The hornet is covered in liquid flames!
The hornet burns!
The hornet stings you!
You feel yourself slow down. The hornet stings you!
* * * LOW HITPOINT WARNING * * *
You feel as though you will be slow longer.
You feel better.
The hornet burns! x2; The hornet stings you!
* * * LOW HITPOINT WARNING * * *
You are lethally poisoned!
You feel as though you will be slow longer.
The hornet stings you!
You die...

#.#........#.#.#
#.#.######.#.#.##
######.#.# #.#..#.##
....##.#.# #.#.###.##
###.##.#.######..## ##.#
<..<...#.##....(..###.##
..#.#..#.##.###..#.#.##
.......#.##.# #..##.##
..#.#.##.##.# #y@####
......##.##.# #..#
###...##.##.###..#
###.#.##.........#
....#.......####.#
#.#####.##### #.#
#...#...# #.# ###.#.####
#.# ...).....## ##.#####


You could see a hornet (burning).

Vanquished Creatures
  Pikel (D:6)
  A troll (D:6)
  Prince Ribbit (D:6)
  A spriggan (D:7)
  A wyvern (D:7)
  A hungry ghost (D:6)
  Edmund (D:4)
  Menkaure (D:6)
  2 sky beasts
  A black bear (D:6)
  A slave (D:6)
  A phantom (D:7)
  An ogre (D:7)
  Blork the orc (D:5)
  2 scorpions
  4 howler monkeys
  A centaur zombie (D:5)
  3 quasits
  3 bullfrog zombies
  A jelly (D:5)
  3 hounds
  2 iguanas
  2 orc priests
  A bullfrog skeleton (D:5)
  A centaur skeleton (D:7)
  6 orc wizards
  4 worker ants
  14 mummies (Ossuary)
  A hound skeleton (D:5)
  15 adders
  A howler monkey skeleton (D:5)
  3 shadow imps
  2 oozes
  2 worms
  3 dart slugs
  4 leopard geckos
  26 orcs
  7 bats
  5 giant cockroaches
  8 hobgoblins
  9 jackals
  6 kobolds
  5 quokkas
  9 frilled lizards
  4 gnoll skeletons (Ossuary)
  17 goblins
  A jackal skeleton (D:5)
  A leopard gecko skeleton (D:4)
  4 orc skeletons (Ossuary)
  6 rats
  11 rat skeletons (Ossuary)
212 creatures vanquished.

Notes
Turn   | Place    | Note
-------+----------+-------------------------------------------
     0 | D:1      | Meegle the Deep Elf Fire Elementalist began the quest for
                  | the Orb.
     0 | D:1      | Reached XP level 1. HP: 10/10 MP: 6/6
   245 | D:1      | Reached XP level 2. HP: 15/15 MP: 5/8
   691 | D:1      | Reached XP level 3. HP: 19/19 MP: 0/9
   772 | D:1      | Learned a level 2 spell: Throw Flame
   776 | D:1      | Learned a level 3 spell: Conjure Flame
  1201 | D:2      | Found a radiant altar of Vehumet.
  1249 | D:2      | Became a worshipper of Vehumet
  1321 | D:2      | Reached skill level 4 in Spellcasting
  1431 | D:2      | Reached XP level 4. HP: 14/24 MP: 2/12
  1694 | D:2      | Found a deep blue altar of Sif Muna.
  1695 | D:2      | Found an opulent altar of Gozag.
  1696 | D:2      | Found a shimmering altar of Xom.
  1993 | D:2      | Reached XP level 5. HP: 28/28 MP: 10/13
  2327 | D:3      | Found a stormy altar of Qazlal.
  2694 | D:3      | Reached * piety under Vehumet
  2694 | D:3      | Offered knowledge of Sandblast by Vehumet.
  3203 | D:3      | Learned a level 4 spell: Sticky Flame
  3266 | D:4      | Reached XP level 6. HP: 9/33 MP: 9/15
  3699 | D:4      | Reached skill level 5 in Spellcasting
  3699 | D:4      | Reached skill level 5 in Fire Magic
  3761 | D:4      | Noticed Edmund
  3844 | D:4      | Killed Edmund
  4038 | D:5      | Entered Level 5 of the Dungeon
  4123 | D:5      | Noticed a sky beast
  4153 | D:5      | Learned a level 5 spell: Fireball
  4183 | D:5      | Killed a sky beast
  4183 | D:5      | Reached XP level 7. HP: 29/37 MP: 9/17
  4324 | D:5      | Reached skill level 6 in Spellcasting
  4511 | D:5      | Reached skill level 1 in Fighting
  4649 | D:5      | Noticed Blork the orc
  4655 | D:5      | Killed Blork the orc
  4897 | D:5      | Offered knowledge of Magic Dart by Vehumet.
  4897 | D:5      | Reached skill level 5 in Conjurations
  5046 | D:5      | Reached skill level 7 in Spellcasting
  5070 | D:5      | Reached ** piety under Vehumet
  5070 | D:5      | Reached XP level 8. HP: 43/43 MP: 15/20
  5570 | D:5      | Learned a level 3 spell: Stone Arrow
  5873 | D:5      | Found a runed translucent door.
  5874 | D:5      | Noticed Crazy Yiuf
  5931 | D:5      | Found an ornate altar of the Wu Jian Council.
  6103 | D:6      | Found a blossoming altar of Fedhas.
  6104 | D:6      | Found an ancient bone altar of Kikubaaqudgha.
  6143 | D:6      | Found Rocirhut's Book Emporium.
  6145 | D:6      | Noticed a troll
  6212 | D:7      | Got a jewelled shortbow
  6272 | D:7      | Reached skill level 8 in Spellcasting
  6327 | D:7      | Found a sand-covered staircase.
  6332 | Ossuary  | Entered an ossuary
  6372 | Ossuary  | Offered knowledge of Static Discharge by Vehumet.
  6605 | Ossuary  | Reached *** piety under Vehumet
  6798 | Ossuary  | Offered knowledge of Force Lance by Vehumet.
  7101 | D:6      | Found a bloodstained altar of Trog.
  7108 | D:6      | Reached XP level 9. HP: 41/47 MP: 18/23
  7114 | D:6      | Noticed Menkaure
  7117 | D:6      | Killed Menkaure
  7117 | D:6      | Reached skill level 9 in Spellcasting
  7264 | D:6      | Reached skill level 1 in Evocations
  7333 | D:6      | Noticed Prince Ribbit
  7337 | D:6      | Killed Prince Ribbit
  7379 | D:6      | Killed a troll
  7379 | D:6      | Reached skill level 5 in Dodging
  7593 | D:6      | Found Yplonatt's Antique Armour Boutique.
  7598 | D:6      | Bought a smoking cloak for 218 gold pieces
  7598 | D:6      | Identified the +1 cloak of Boreciergh {rElec rPois MR-}
                  | (You bought it in a shop on level 6 of the Dungeon)
  7599 | D:6      | Identified the +3 shortbow of Anewkes {freeze, *Slow rC+++
                  | Str-4 Stlth+} (You found it on level 7 of the Dungeon)
  7765 | D:6      | Noticed Pikel
  7851 | D:6      | Killed Pikel
  7851 | D:6      | Reached skill level 10 in Spellcasting
  8031 | D:6      | Found a staircase to the Ecumenical Temple.
  8457 | D:7      | Reached **** piety under Vehumet
  8573 | D:7      | Offered knowledge of Irradiate by Vehumet.
  8633 | D:7      | Found a sacrificial altar of Ru.
  9014 | D:7      | HP: 1/48 [hornet (16)]
  9014 | D:7      | Demolished by a hornet

Skill      XL: |  1  2  3  4  5  6  7  8  9 |
---------------+----------------------------+-----
Fire Magic     | 4 5 6 7 8 |  8.9
Conjurations   | 2 3 4 5 6 7 |  7.4
Spellcasting   | 4 5 7 8 10 | 10.1
Stealth        | 3 |  3.7
Dodging        | 3 4 6 |  6.0
Fighting       | 1 |  1.6
Evocations     | 3 |  3.2
Throwing       | |  0.4

Action                   |  1- 3 |  4- 6 |  7- 9 || total
-------------------------+-------+-------+-------++-------
Melee: Unarmed           |       |       |     1 ||     1
       Shortbow          |       |       |     1 ||     1
 Fire: Blowgun           |       |       |     5 ||     5
 Cast: Flame Tongue      |    77 |   115 |   261 ||   453
       Throw Flame       |     4 |    18 |    50 ||    72
       Sticky Flame      |       |     1 |    13 ||    14
       Conjure Flame     |       |     1 |    14 ||    15
       Fireball          |       |       |    10 ||    10
  Use: Potion            |       |     2 |     2 ||     4
       Scroll            |       |       |     4 ||     4
  Eat: Chunk             |     1 |     9 |    17 ||    27
Armor: Robe              |     7 |     7 |    17 ||    31
       Skin              |       |    13 |       ||    13
Dodge: Dodged            |    15 |    38 |    74 ||   127
